 Dungeon Crawl Stone Soup version 0.26.1-2-gb8aa6d0cf2 (webtiles) character file.

Game seed: 6040717732910490056

10863 Electrofox the Severer (level 11, -4/83 HPs)
             Began as a Minotaur Fighter on Mar 21, 2021.
             Was a High Priest of Okawaru.
             Killed from afar by a gargoyle (22 damage)
             ... with a stone arrow
             ... on level 11 of the Dungeon.
             The game lasted 00:49:29 (12683 turns).

Electrofox the Severer (Minotaur Fighter)          Turns: 12683, Time: 00:49:30

Health: -4/83      AC: 15    Str: 24    XL:     11   Next: 41%
Magic:  13/13      EV:  6    Int:  8    God:    Okawaru [*****.]
Gold:   729        SH:  6    Dex: 10    Spells: 10/10 levels left

rFire    . . .     SeeInvis .   T - +4 broad axe (venom)
rCold    . . .     Faith    .   y - +0 buckler
rNeg     . . .     Spirit   .   e - +0 plate armour (curse)
rPois    .         Reflect  .   J - +2 hat
rElec    .         Harm     .   (no cloak)
rCorr    .         Rampage  .   B - +0 pair of gloves {Str+3}
Will     .....                  H - +0 pair of boots
Stlth    ..........             (no amulet)
HPRegen  0.23/turn              P - ring of flight
MPRegen  0.13/turn              (no ring)

@: no status effects
A: retaliatory headbutt, horns 2
a: Renounce Religion, Evoke Flight, Heroism, Finesse


You were on level 11 of the Dungeon.
You worshipped Okawaru.
Okawaru was extremely pleased with you.
You visited 2 branches of the dungeon, and saw 12 of its levels.

You collected 729 gold pieces.

Inventory:

Hand Weapons
 a - a +1 war axe
 b - a +0 hunting sling
 S - a +0 flail
 T - a +4 broad axe of venom (weapon)
Missiles
 i - 7 boomerangs
 m - 11 javelins (quivered)
 n - 12 atropa-tipped darts
 C - 36 sling bullets
 M - 13 poisoned darts
Armour
 c - a +0 kite shield
 e - a cursed +0 plate armour (worn)
 y - a +0 buckler (worn)
 B - a +0 pair of gloves of strength (worn)
 H - a +0 pair of boots (worn)
 J - a +2 hat (worn)
Jewellery
 r - an uncursed amulet of reflection {unknown}
 P - a ring of flight (left hand)
Wands
 u - a wand of acid (7)
 A - a wand of flame (6)
 L - a wand of enslavement (17)
Scrolls
 f - a scroll of amnesia
 g - 2 scrolls of remove curse
 k - 2 scrolls of immolation {unknown}
 o - 2 scrolls of enchant armour {unknown}
 p - 2 scrolls of fog {unknown}
 v - a scroll of blinking {unknown}
 x - a scroll of random uselessness {unknown}
 z - 2 scrolls of enchant weapon
 D - 3 scrolls of teleportation
 E - a scroll of noise {unknown}
 G - a scroll of fear {unknown}
 I - a scroll of holy word {unknown}
 N - a scroll of magic mapping {unknown}
 Q - a scroll of summoning {unknown}
Potions
 d - a potion of might
 h - a potion of invisibility {unknown}
 j - 5 potions of curing
 l - a potion of experience {unknown}
 q - 3 potions of lignification
 s - 3 potions of magic
 t - a potion of brilliance {unknown}
 w - 3 potions of flight
 F - 2 potions of cancellation
 K - a potion of mutation {unknown}
 O - 2 potions of ambrosia {unknown}
 R - 2 potions of heal wounds {unknown}


   Skills:
 - Level 3.6 Fighting
 - Level 16.0 Axes
 - Level 3.6 Armour
 + Level 12.3 Shields
 + Level 5.0 Invocations


You had 10 spell levels left.
You didn't know any spells.
Your spell library contained the following spells:

 Spells                   Type           Power        Failure   Level
 Freeze                   Ice            0%           100%        1
 Frozen Ramparts          Ice            0%           100%        3
 Ozocubu's Armour         Ice            0%           100%        3
 Hailstorm                Conj/Ice       0%           100%        4
 Summon Ice Beast         Ice/Summ       0%           100%        4


Dungeon Overview and Level Annotations

Branches:
Dungeon (11/15)            Temple (1/1) D:4            Lair (0/6) D:11
    Orc (0/2) D:9

Altars:
Ashenzari
Cheibriados
Dithmenos
Elyvilon
Fedhas
Gozag
Hepliaklqana
Kikubaaqudgha
Makhleb
Nemelex Xobeh
Okawaru
Qazlal
Ru
Sif Muna
Trog
Uskayaw
Vehumet
Wu Jian
Xom
Yredelemnul
Zin
The Shining One

Shops:
D:10 !

Annotations:
D:2 1 runed translucent door, exclusion: door, Crazy Yiuf
D:5 2 transporters, exclusion: downstairs, ig87's ghost, amateur BaFi


Innate Abilities, Weirdness & Mutations

You reflexively headbutt those who attack you in melee.
You have a pair of horns on your head.


Message History

The gargoyle hits you but does no damage.
You hit the gargoyle but do no damage.
You headbutt the gargoyle, but do no damage.
The gargoyle is almost destroyed.
The gargoyle hurls a stone arrow at you.
You block the stone arrow.
You hit the gargoyle but do no damage.
You headbutt the gargoyle, but do no damage.
The gargoyle is almost destroyed.
You hit the gargoyle.
The gargoyle is almost destroyed.
The gargoyle hurls a stone arrow at you.
The stone arrow hits you!
* * * LOW HITPOINT WARNING * * *
You barely miss the gargoyle.
You headbutt the gargoyle, but do no damage.
The gargoyle is almost destroyed.
The gargoyle hurls a stone arrow at you.
The stone arrow hits you!!
You die...

### ..#
###.####...
#...9.Z....
#.###@#
#.....#
#.#######.#
#
#.........#
.#
######'####
#.# ##.##
#.##
#####.##
....# #..#
#......#
....#
####.####
#......#
....#
#.......#
#......#


You could see a gargoyle and a worker ant zombie.

Vanquished Creatures
  A hydra (D:11)
  4 two-headed ogres
  2 gargoyles (D:10)
  Maggie (D:9)
  A troll (D:10)
  Sigmund (D:6)
  5 yaks (D:10)
  4 vampire mosquitoes (D:10)
  An ice beast (D:10)
  An orc warrior (D:11)
  5 sky beasts
  A black bear (D:8)
  2 necrophages (D:10)
  An eye of draining (D:11)
  6 ogres
  5 phantoms
  4 centaurs
  A big kobold (D:9)
  7 bullfrogs
  A water moccasin zombie (D:7)
  3 scorpions (D:11)
  11 killer bees
  3 howler monkeys (D:11)
  A bullfrog zombie (D:10)
  2 quasits
  2 centaur zombies
  5 hounds
  4 jellies
  A gnoll shaman (D:5)
  An orc priest (D:11)
  3 bullfrog skeletons
  5 orc wizards
  Jessica (D:2)
  2 centaur skeletons
  2 iguanas
  8 worker ants
  A hound zombie (D:6)
  A howler monkey zombie (D:9)
  A worker ant zombie (D:10)
  12 adders
  3 gnolls (D:5)
  4 shadow imps
  A white imp (D:8)
  4 ufetubi
  3 oozes
  2 adder skeletons (D:7)
  An adder zombie (D:5)
  4 worms
  A dart slug (D:3)
  4 leopard geckos
  29 orcs
  4 ball pythons
  3 bats
  6 giant cockroaches
  9 hobgoblins
  6 jackals
  6 quokkas
  3 frilled lizards
  13 goblins
  A jackal skeleton (D:4)
  14 kobolds
  4 rats
248 creatures vanquished.

Vanquished Creatures (others)
  4 fungi (D:11)
  2 plants (D:11)
6 creatures vanquished.

Grand Total: 254 creatures vanquished

Notes
Turn   | Place    | Note
-------+----------+-------------------------------------------
     0 | D:1      | Electrofox the Minotaur Fighter began the quest for the
                  | Orb.
     0 | D:1      | Reached XP level 1. HP: 19/19 MP: 0/0
   193 | D:1      | Reached skill level 3 in Axes
   201 | D:1      | Reached XP level 2. HP: 26/27 MP: 1/1
  1366 | D:2      | Reached XP level 3. HP: 33/33 MP: 2/2
  1385 | D:2      | Found a bloodstained altar of Trog.
  1422 | D:2      | Found a faded altar of an unknown god.
  1428 | D:2      | Reached skill level 4 in Axes
  1555 | D:2      | Found a shimmering blue altar of Sif Muna.
  1921 | D:2      | Noticed Jessica
  1928 | D:2      | Killed Jessica
  1929 | D:2      | Reached XP level 4. HP: 38/40 MP: 3/3
  2036 | D:2      | Found a runed translucent door.
  2037 | D:2      | Noticed Crazy Yiuf
  2399 | D:3      | Reached skill level 5 in Axes
  2763 | D:4      | Reached skill level 5 in Shields
  2763 | D:4      | Reached XP level 5. HP: 46/46 MP: 4/4
  2863 | D:4      | Reached skill level 6 in Axes
  2865 | D:4      | You fall into a shaft and drop 1 floor!
  2865 | D:5      | Entered Level 5 of the Dungeon
  2964 | D:4      | Found a staircase to the Ecumenical Temple.
  2981 | Temple   | Entered the Ecumenical Temple
  3246 | Temple   | Became a worshipper of Warmaster Okawaru
  4195 | D:4      | Reached XP level 6. HP: 24/52 MP: 5/5
  4679 | D:5      | Reached skill level 7 in Axes
  4846 | D:5      | Reached XP level 7. HP: 58/58 MP: 6/6
  5076 | D:5      | You fall into a shaft and drop 2 floors!
  5118 | D:7      | Reached * piety under Okawaru
  5180 | D:7      | Found a shadowy altar of Dithmenos.
  5235 | D:6      | Noticed a two-headed ogre
  5269 | D:5      | Reached skill level 8 in Axes
  5283 | D:5      | HP: 2/58 [poisoned by an adder]
  5289 | D:5      | Noticed ig87's ghost (amateur BaFi)
  5561 | D:5      | Found a transporter.
  5761 | D:5      | Found a transporter.
  6073 | D:6      | Reached skill level 9 in Axes
  6220 | D:6      | Reached XP level 8. HP: 55/66 MP: 7/7
  6761 | D:6      | Noticed Sigmund
  6775 | D:6      | Killed Sigmund
  6776 | D:6      | Reached skill level 10 in Axes
  7035 | D:6      | HP: 1/66 [two-headed ogre/+0 giant club (7)]
  7823 | D:7      | Noticed a two-headed ogre
  8079 | D:7      | Reached skill level 11 in Axes
  8094 | D:7      | Killed a two-headed ogre
  8094 | D:7      | Reached ** piety under Okawaru
  8095 | D:7      | Reached skill level 12 in Axes
  8095 | D:7      | Reached XP level 9. HP: 34/71 MP: 5/8
  8659 | D:8      | Reached skill level 13 in Axes
  9437 | D:9      | Reached skill level 14 in Axes
  9530 | D:9      | Noticed a two-headed ogre
  9531 | D:9      | Noticed Maggie
  9563 | D:9      | Killed a two-headed ogre
  9570 | D:9      | Killed Maggie
  9570 | D:9      | Reached *** piety under Okawaru
  9571 | D:9      | Reached skill level 15 in Axes
  9571 | D:9      | Reached XP level 10. HP: 36/78 MP: 7/9
  9823 | D:9      | Found a staircase to the Orcish Mines.
  9859 | D:9      | Noticed a two-headed ogre
 10052 | D:9      | Killed a two-headed ogre
 10319 | D:10     | Entered Level 10 of the Dungeon
 10417 | D:10     | Reached **** piety under Okawaru
 10582 | D:10     | Reached skill level 16 in Axes
 10794 | D:10     | Found Niops's Distillery.
 11064 | D:10     | Reached skill level 10 in Shields
 11084 | D:10     | Reached ***** piety under Okawaru
 11428 | D:10     | Noticed a gargoyle
 11436 | D:10     | Killed a gargoyle
 11437 | D:10     | Reached skill level 1 in Invocations
 11437 | D:10     | Reached XP level 11. HP: 66/83 MP: 7/10
 11771 | D:11     | Noticed a two-headed ogre
 11779 | D:11     | Killed a two-headed ogre
 12039 | D:11     | Found a staircase to the Lair.
 12205 | D:11     | Found a white marble altar of Elyvilon.
 12207 | D:11     | Noticed a five-headed hydra
 12233 | D:11     | Killed a five-headed hydra
 12594 | D:11     | Received a gift from Okawaru
 12646 | D:11     | Reached skill level 5 in Invocations
 12683 | D:11     | Killed from afar by a gargoyle

Illustrated notes

Levels and vault maps discovered:
D:1:      evilmike_arrival_crescent, layout_basic
D:2:      layout_loops_corners, lightli_temple_of_fire,
          chequers_ecumenical_altar_simple, minmay_misc_feat_roman,
          lemuel_blue_sif_altar, uniq_crazy_yiuf_cottage, uniq_jessica
D:3:      layout_rooms
D:4:      kennysheep_spiral_hall, layout_rooms, minmay_temple_entry_crystal_x,
          minmay_goblin_outpost
D:5:      layout_rooms, gammafunk_ghost_stat_death, nicolae_zen_rock_garden
D:6:      layout_cave_pods, uniq_sigmund
D:7:      layout_gridville, nicolae_dithmenos_the_darkroom
D:8:      layout_loops_ring, st_stairs_12
D:9:      layout_rooms, orc_0_dummy, dk_vineyard_2, hangedman_decor_growths,
          uniq_maggie
D:10:     layout_basic, serial_shops, nicolae_shop_statue_plus
D:11:     layout_roguey, grunt_lair_entry_orc_guard_hut, elyvilon_altar_1
Temple:   nicolae_temple_the_god_donut

Skill      XL: |  1  2  3  4  5  6  7  8  9 10 11 |
---------------+----------------------------------+-----
Axes           | 3 4 5 6 7 9 12 15 16 | 16.0
Shields        | 4 5 6 7 8 11 12 | 12.3
Invocations    | 1 5 |  5.0
Fighting       | |  3.6
Armour         | |  3.6

Action                   |  1- 3 |  4- 6 |  7- 9 | 10-12 || total
-------------------------+-------+-------+-------+-------++-------
Melee: War axe           |    80 |   165 |   253 |   308 ||   806
       Headbutt          |     7 |    23 |    51 |    77 ||   158
       Broad axe         |       |       |       |    24 ||    24
       Flail             |       |       |       |     7 ||     7
 Fire: Hunting sling     |       |    12 |    19 |     1 ||    32
Throw: Boomerang         |     2 |    13 |    14 |       ||    29
       Javelin           |       |     3 |       |    12 ||    15
Invok: Heroism           |       |       |     4 |     3 ||     7
  Use: Scroll            |       |       |    10 |     2 ||    12
       Potion            |       |       |     3 |       ||     3
Armor: Scale mail        |    25 |    54 |    25 |       ||   104
       Plate armour      |       |       |    65 |   145 ||   210
Dodge: Dodged            |    12 |    41 |    58 |    78 ||   189
Block: Kite shield       |    36 |    77 |    56 |       ||   169
       Buckler           |       |       |    28 |    87 ||   115
